AoeStats
← descof

Arena

509706449Analyzed
2v2 RM · 4d ago on Sep 27, 2026· 39m 36s· 4 players
Game mode
Random Map
Map size
Medium (4 player)
Population
200
Speed
Normal
Resources
Standard
Victory
Conquest
Starting age
Dark Age
Ending age
Imperial Age
RankedLock teamsTeams togetherTeam positionsShared explorationLock speedFull tech treeHidden civsTurbo modeCheats
Victory
Defeat
🇫🇷 Italians · France
1245
+14
🇺🇸 Bengalis · United States
1208
+17
🇦🇹 Lithuanians · Austria
1221
-16
🇧🇷 Burgundians · Brazil
1192
-15
descof
10:40 Feudal Age
14:27 Castle Age
12:47 Double-Bit Axe
13:03 Horse Collar
13:30 Loom
14:26 Fletching
18:20 Bodkin Arrow
27:20 Imperial Age
25:42 Padded Archer Armor
26:31 Ballistics
26:35 Bow Saw
26:23 Gold Mining
29:32 Chemistry
30:56 Forging
32:59 Wheelbarrow
33:04 Heavy Plow
33:36 Stone Mining
34:39 Thumb Ring
treetoptony
10:50 Feudal Age
14:57 Castle Age
14:05 Double-Bit Axe
14:01 Horse Collar
14:14 Gold Mining
15:01 Wheelbarrow
16:07 Bow Saw
20:52 Fervor
23:33 Fletching
25:33 Sanctity
26:33 Hand Cart
26:04 Town Watch
26:04 Loom
27:02 Redemption
27:39 Gold Shaft Mining
26:54 Stone Mining
31:26 Imperial Age
30:05 Ballistics
30:31 Devotion
31:16 Paiks
31:19 Padded Archer Armor
31:33 Stone Mining
33:51 Conscription
33:56 Block Printing
35:30 Chemistry
34:27 Bodkin Arrow
34:47 Leather Archer Armor
34:33 Elite Elephant Archer
39:29 Elite Ratha (Ranged)
vascoduro
6:07 Double-Bit Axe
8:58 Horse Collar
12:35 Feudal Age
10:59 Gold Mining
16:26 Castle Age
15:03 Bow Saw
15:09 Stone Mining
15:13 Loom
16:03 Heavy Plow
16:52 Stone Shaft Mining
17:20 Gold Shaft Mining
20:34 Fletching
21:43 Bodkin Arrow
27:29 Imperial Age
26:12 Burgundian Vineyards
27:26 Two-Man Saw
26:51 Forging
28:48 Bracer
30:01 Conscription
31:37 Redemption
32:46 Chemistry
32:38 Block Printing
33:08 Treadmill Crane
34:19 Padded Archer Armor
36:15 Masonry
36:22 Leather Archer Armor
36:37 Elite Skirmisher
38:45 Architecture
Sackipicker
9:59 Feudal Age
10:37 Horse Collar
10:45 Double-Bit Axe
13:22 Loom
16:10 Castle Age
17:15 Bow Saw
17:25 Heavy Plow
22:00 Wheelbarrow
25:19 Hand Cart
28:58 Gold Mining
28:58 Stone Mining
29:17 Husbandry
29:28 Bloodlines
32:15 Imperial Age
31:19 Ballistics
31:09 Scale Barding Armor
30:48 Pikeman
31:29 Squires
31:15 Arson
31:51 Forging
31:45 Town Watch
31:44 Elite Skirmisher
32:49 Chain Barding Armor
34:00 Chemistry
33:47 Iron Casting
34:11 Halberdier
Connection lost

Rejoining the realm…

Still unreachable

The connection could not be restored.

Session expired

The server has moved on; the page needs a fresh start.